[ AOE2 MATCH · #495179773 ]
UnrankedBurgundians vs Muisca
Player's team · LOSS
Rival team · WIN
[ REPLAY ANALYSIS · EXTRACTED FROM THE RECORDED GAME ]
Feudal
10:09
Castle
22:10
Imperial
—
| APM avg | 45.7 |
| APM peak | 123 |
| eAPM avg | 22.5 |
| Villagers / military | 71 / 17 |
Focus
⚔️ 39.8% · 🌾 60.2%
Flemish Militia ×8 · Knight ×5 · Militia ×2 · Mangonel ×1 · Scorpion ×1
Feudal
9:09
Castle
22:22
Imperial
—
| APM avg | 28.3 |
| APM peak | 71 |
| eAPM avg | 14.8 |
| Villagers / military | 70 / 0 |
Focus
⚔️ 29.7% · 🌾 70.3%
Unknown (2550) ×28
Match map
Initial resources + every placement click. Lines = walls · curves = elevation contours. ◆ gold · ⬟ stone · ● berries · ✦ relic · ◌ wall gap
Your base· Open — 4t gap
jj1471's base· Open — unwalled flank
Smoothed initial terrain · ◌ = detected wall gap · hover for details
Inputs per minute
— Jrfear - - jj1471
Build order — Jrfear
First 150 of 177 actions detected
| 0:00 | Create | Villager (Male) |
| 0:00 | Create | Villager (Male) |
| 0:00 | Create | Villager (Male) |
| 0:01 | Create | Villager (Male) |
| 0:02 | Build | House |
| 0:02 | Build | House |
| 1:30 | Create | Villager (Male) |
| 2:02 | Create | Villager (Male) |
| 2:02 | Create | Villager (Male) |
| 2:04 | Build | Lumber Camp |
| 2:15 | Create | Villager (Male) |
| 2:15 | Create | Villager (Male) |
| 2:48 | Create | Villager (Male) |
| 2:48 | Create | Villager (Male) |
| 3:21 | Create | Villager (Male) |
| 3:40 | Create | Villager (Male) |
| 3:40 | Create | Villager (Male) |
| 3:45 | Build | House |
| 3:48 | Create | Villager (Male) |
| 3:48 | Create | Villager (Male) |
| 3:54 | Build | House |
| 4:36 | Create | Villager (Male) |
| 4:36 | Create | Villager (Male) |
| 4:36 | Create | Villager (Male) |
| 4:52 | Create | Villager (Male) |
| 5:00 | Build | Mill |
| 5:17 | Create | Villager (Male) |
| 5:20 | Create | Villager (Male) |
| 5:20 | Create | Villager (Male) |
| 5:47 | Create | Villager (Male) |
| 6:01 | Research | Double-Bit Axe |
| 6:23 | Build | House |
| 6:25 | Research | Loom |
| 6:29 | Create | Villager (Male) |
| 7:05 | Build | Palisade Wall |
| 7:30 | Create | Villager (Male) |
| 7:52 | Build | Mining Camp |
| 7:59 | Research | Feudal Age |
| 8:58 | Create | Villager (Male) |
| 9:11 | Build | House |
| 9:37 | Create | Villager (Male) |
| 9:55 | Build | Palisade Wall |
| 10:09 | Age | Feudal Age |
| 10:13 | Create | Villager (Male) |
| 10:26 | Build | House |
| 10:28 | Build | Barracks |
| 10:36 | Create | Villager (Male) |
| 10:40 | Build | House |
| 10:41 | Build | Palisade Wall |
| 10:41 | Build | Palisade Wall |
| 10:50 | Build | Lumber Camp |
| 10:51 | Create | Villager (Male) |
| 11:06 | Build | Palisade Wall |
| 11:20 | Build | House |
| 11:21 | Build | Palisade Wall |
| 11:21 | Build | Palisade Wall |
| 11:44 | Create | Villager (Male) |
| 11:57 | Build | Palisade Wall |
| 12:03 | Create | Villager (Male) |
| 12:14 | Build | Palisade Wall |
| 12:35 | Create | Villager (Male) |
| 12:40 | Build | Palisade Wall |
| 12:44 | Create | Villager (Male) |
| 12:48 | Build | House |
| 12:56 | Build | House |
| 12:57 | Build | House |
| 13:10 | Build | Watch Tower |
| 13:22 | Create | Villager (Male) |
| 13:55 | Build | Blacksmith |
| 14:00 | Create | Villager (Male) |
| 14:15 | Build | Market |
| 14:22 | Build | Market |
| 14:42 | Build | House |
| 14:46 | Create | Villager (Male) |
| 14:56 | Build | Farm |
| 14:56 | Build | Farm |
| 14:58 | Build | Farm |
| 15:11 | Research | Fletching |
| 15:17 | Create | Villager (Male) |
| 15:19 | Build | House |
| 15:22 | Create | Flemish Militia |
| 15:25 | Build | Farm |
| 15:25 | Build | Farm |
| 15:27 | Create | Villager (Male) |
| 15:45 | Build | Farm |
| 16:22 | Create | Villager (Male) |
| 16:26 | Build | Farm |
| 16:35 | Create | Flemish Militia |
| 16:36 | Create | Villager (Male) |
| 16:46 | Create | Villager (Male) |
| 16:49 | Build | Farm |
| 16:51 | Build | Farm |
| 17:09 | Build | Palisade Gate |
| 17:11 | Build | House |
| 17:14 | Build | Palisade Wall |
| 17:25 | Create | Villager (Male) |
| 17:34 | Build | Farm |
| 17:34 | Build | Farm |
| 17:36 | Create | Villager (Male) |
| 18:23 | Build | Watch Tower |
| 18:42 | Build | House |
| 18:43 | Build | Palisade Wall |
| 18:50 | Build | Palisade Gate |
| 19:30 | Research | Castle Age |
| 19:46 | Create | Flemish Militia |
| 20:22 | Research | Horse Collar |
| 20:23 | Research | Bow Saw |
| 20:52 | Research | Gold Mining |
| 21:37 | Build | House |
| 21:45 | Create | Villager (Male) |
| 22:10 | Age | Castle Age |
| 22:27 | Build | Town Center |
| 22:34 | Build | Town Center |
| 22:43 | Create | Villager (Male) |
| 22:48 | Build | Siege Workshop |
| 22:52 | Create | Flemish Militia |
| 22:57 | Build | House |
| 23:01 | Build | House |
| 23:18 | Create | Mangonel |
| 23:26 | Create | Flemish Militia |
| 23:38 | Create | Villager (Male) |
| 24:00 | Create | Villager (Male) |
| 24:02 | Build | House |
| 24:03 | Build | House |
| 24:05 | Build | Lumber Camp |
| 24:07 | Create | Villager (Male) |
| 24:08 | Create | Villager (Male) |
| 24:39 | Create | Villager (Male) |
| 24:47 | Build | Farm |
| 24:48 | Build | Farm |
| 24:49 | Build | Farm |
| 24:50 | Build | Farm |
| 24:54 | Create | Villager (Male) |
| 25:03 | Build | House |
| 25:07 | Build | Town Center |
| 25:15 | Create | Villager (Male) |
| 25:27 | Build | Barracks |
| 25:42 | Build | House |
| 25:53 | Create | Villager (Male) |
| 25:53 | Create | Villager (Male) |
| 25:53 | Create | Villager (Male) |
| 25:57 | Create | Militia |
| 26:02 | Build | House |
| 26:21 | Create | Militia |
| 26:28 | Create | Villager (Male) |
| 26:40 | Build | Stable |
| 26:42 | Create | Villager (Male) ×2 |
| 26:42 | Create | Villager (Male) ×2 |
| 26:59 | Build | Palisade Gate |
| 27:03 | Build | Palisade Wall |
Build order — jj1471
First 150 of 172 actions detected
| 0:01 | Create | Villager (Male) |
| 0:01 | Create | Villager (Male) |
| 0:02 | Create | Villager (Male) |
| 0:03 | Build | House |
| 0:07 | Build | House |
| 0:27 | Create | Villager (Male) |
| 1:36 | Create | Villager (Male) |
| 1:50 | Build | Settlement |
| 2:02 | Create | Villager (Male) |
| 2:27 | Create | Villager (Male) |
| 2:37 | Create | Villager (Male) |
| 3:14 | Create | Villager (Male) |
| 3:39 | Create | Villager (Male) |
| 4:08 | Create | Villager (Male) |
| 4:31 | Create | Villager (Male) |
| 4:58 | Create | Villager (Male) |
| 5:06 | Build | Barracks |
| 5:16 | Create | Villager (Male) |
| 5:30 | Create | Villager (Male) |
| 5:33 | Research | Loom |
| 7:00 | Research | Feudal Age |
| 7:22 | Build | House |
| 7:36 | Create | Unit 2550 |
| 7:41 | Build | Settlement |
| 7:45 | Create | Unit 2550 |
| 7:54 | Build | House |
| 8:31 | Create | Villager (Male) |
| 9:09 | Age | Feudal Age |
| 9:16 | Research | Tech 1402 |
| 9:28 | Build | Watch Tower |
| 9:30 | Create | Villager (Male) |
| 9:46 | Research | Double-Bit Axe |
| 9:48 | Create | Villager (Male) |
| 10:00 | Build | Settlement |
| 10:07 | Create | Villager (Male) |
| 10:33 | Create | Villager (Male) |
| 10:45 | Create | Unit 2550 |
| 11:02 | Create | Villager (Male) |
| 11:24 | Create | Villager (Male) |
| 11:26 | Build | Farm |
| 11:29 | Build | Farm |
| 11:47 | Create | Villager (Male) |
| 11:55 | Build | Outpost |
| 12:15 | Build | Outpost |
| 12:17 | Create | Villager (Male) |
| 12:31 | Build | Outpost |
| 12:35 | Create | Villager (Male) |
| 12:39 | Build | Farm |
| 12:41 | Build | Farm |
| 12:56 | Build | Watch Tower |
| 13:02 | Create | Villager (Male) |
| 13:17 | Create | Villager (Male) |
| 13:30 | Build | House |
| 13:30 | Build | House |
| 13:31 | Build | House |
| 13:31 | Build | House |
| 13:31 | Build | House |
| 13:46 | Create | Villager (Male) |
| 14:15 | Build | Blacksmith |
| 14:23 | Create | Villager (Male) |
| 14:39 | Create | Villager (Male) |
| 15:05 | Create | Villager (Male) |
| 15:11 | Research | Fletching |
| 15:17 | Build | Farm |
| 15:19 | Build | Farm |
| 15:22 | Build | Farm |
| 15:31 | Create | Villager (Male) |
| 16:09 | Create | Villager (Male) |
| 16:28 | Build | Watch Tower |
| 16:32 | Research | Scale Mail Armor |
| 16:34 | Create | Villager (Male) |
| 16:40 | Build | Farm |
| 16:40 | Build | Farm |
| 16:40 | Build | Farm |
| 16:41 | Build | Farm |
| 16:41 | Build | Farm |
| 16:41 | Build | Farm |
| 16:41 | Build | Farm |
| 16:45 | Build | Farm |
| 16:53 | Create | Villager (Male) |
| 17:08 | Create | Villager (Male) |
| 17:20 | Create | Villager (Male) |
| 17:53 | Build | Market |
| 18:01 | Create | Villager (Male) |
| 18:18 | Build | Watch Tower |
| 18:30 | Create | Villager (Male) |
| 19:09 | Create | Villager (Male) |
| 19:42 | Research | Castle Age |
| 19:59 | Build | Stone Wall |
| 20:00 | Build | Stone Wall |
| 20:00 | Build | Stone Wall |
| 20:01 | Build | Stone Wall |
| 20:28 | Create | Unit 2550 |
| 20:29 | Create | Unit 2550 |
| 20:50 | Build | Barracks |
| 20:55 | Research | Horse Collar |
| 21:12 | Create | Unit 2550 |
| 21:13 | Create | Unit 2550 |
| 21:20 | Create | Villager (Male) |
| 21:46 | Create | Unit 2550 ×3 |
| 22:22 | Age | Castle Age |
| 22:24 | Research | Tech 1351 |
| 22:27 | Create | Villager (Male) |
| 22:31 | Build | Farm |
| 22:31 | Build | Farm |
| 22:32 | Build | Farm |
| 22:32 | Build | Farm |
| 22:54 | Build | Castle |
| 22:59 | Create | Villager (Male) |
| 23:21 | Create | Unit 2550 ×5 |
| 23:27 | Build | Palisade Wall |
| 23:30 | Build | Palisade Wall |
| 23:32 | Build | Palisade Wall |
| 23:35 | Create | Villager (Male) |
| 23:38 | Create | Unit 2550 |
| 23:44 | Build | Palisade Wall |
| 23:48 | Build | Palisade Gate |
| 23:53 | Create | Villager (Male) |
| 24:09 | Create | Villager (Male) |
| 24:19 | Create | Villager (Male) |
| 24:26 | Build | Settlement |
| 24:45 | Create | Villager (Male) |
| 24:49 | Build | Farm |
| 24:51 | Build | Farm |
| 24:52 | Build | Farm |
| 25:03 | Build | Farm |
| 25:21 | Research | Chain Mail Armor |
| 25:25 | Create | Villager (Male) |
| 25:44 | Build | Settlement |
| 25:56 | Create | Villager (Male) |
| 25:58 | Research | Forging |
| 26:09 | Create | Villager (Male) |
| 26:22 | Build | Farm |
| 26:25 | Create | Villager (Male) |
| 26:35 | Research | Squires |
| 26:48 | Create | Villager (Male) |
| 27:09 | Create | Villager (Male) |
| 27:20 | Create | Villager (Male) |
| 27:25 | Create | Villager (Male) |
| 27:33 | Research | Bow Saw |
| 27:38 | Create | Unit 2550 ×3 |
| 27:43 | Create | Villager (Male) |
| 27:50 | Create | Unit 2550 |
| 28:02 | Create | Villager (Male) |
| 28:05 | Build | House |
| 28:17 | Create | Unit 2550 ×2 |
| 28:18 | Create | Villager (Male) |
| 28:27 | Build | Castle |
| 28:36 | Create | Unit 2550 ×2 |
| 28:53 | Create | Unit 2550 ×2 |
Match timeline
| 5:06 | jj1471 · first_building Barracks |
| 7:05 | Jrfear · wall_segment Palisade Wall x6 |
| 9:09 | jj1471 · age_up feudal |
| 9:55 | Jrfear · wall_segment Palisade Wall x3 |
| 10:09 | Jrfear · age_up feudal |
| 10:28 | Jrfear · first_building Barracks |
| 10:41 | Jrfear · wall_segment Palisade Wall x1 |
| 10:41 | Jrfear · wall_segment Palisade Wall x1 |
| 11:06 | Jrfear · wall_segment Palisade Wall x7 |
| 11:21 | Jrfear · wall_segment Palisade Wall x1 |
| 11:21 | Jrfear · wall_segment Palisade Wall x1 |
| 11:57 | Jrfear · wall_segment Palisade Wall x8 |
| 12:14 | Jrfear · wall_segment Palisade Wall x1 |
| 12:40 | Jrfear · wall_segment Palisade Wall x7 |
| 17:14 | Jrfear · wall_segment Palisade Wall x7 |
| 18:10 | Jrfear · first_market_buy 100 food |
| 18:38 | jj1471 · first_market_buy 100 food |
| 18:43 | Jrfear · wall_segment Palisade Wall x1 |
| 19:22 | jj1471 · first_market_sell 100 wood |
| 19:29 | Jrfear · first_market_sell 100 wood |
| 19:59 | jj1471 · wall_segment Stone Wall x1 |
| 20:00 | jj1471 · wall_segment Stone Wall x1 |
| 20:00 | jj1471 · wall_segment Stone Wall x1 |
| 20:01 | jj1471 · wall_segment Stone Wall x1 |
| 22:10 | Jrfear · age_up castle |
| 22:22 | jj1471 · age_up castle |
| 22:48 | Jrfear · first_building Siege Workshop |
| 22:54 | jj1471 · first_building Castle |
| 23:27 | jj1471 · wall_segment Palisade Wall x1 |
| 23:30 | jj1471 · wall_segment Palisade Wall x1 |
| 23:32 | jj1471 · wall_segment Palisade Wall x1 |
| 23:44 | jj1471 · wall_segment Palisade Wall x1 |
| 26:40 | Jrfear · first_building Stable |
| 27:03 | Jrfear · wall_segment Palisade Wall x1 |
| 27:04 | Jrfear · wall_segment Palisade Wall x1 |
| 27:05 | Jrfear · wall_segment Palisade Wall x1 |
| 29:28 | Jrfear · first_building Castle |
| 31:17 | Jrfear · wall_segment Stone Wall x1 |
| 31:37 | Jrfear · resign |
[ AI ANALYSIS · 1 CREDIT ]
What really happened in this match?
Wolo.gg analyzes every decision: build order, eco, micro, common mistakes by bracket. Personalized analysis on WhatsApp or Discord in 30 seconds.
Civ guide
Burgundians
Perfil
Jugador #2150720